Map: Deathaura LE

Players

Vrelnor - Winner!

  • Race: Protoss Protoss
  • League: Diamond
  • Spawn Location: 11:00

RyuKey

  • Race: Zerg Zerg
  • League: Diamond
  • Spawn Location: 5:00

VOD

Have the link to the VOD?

Description

Time

  • Played on: June 12, 2020, 10:04 a.m.
  • Length: 18:21
Show
View Real Time Build Order
Export as new Build Order

Vrelnor Protoss - Winner!

Build Orders: 1 Gate Expand, Archon Immortal 

Get SALT Encoding   

  12  0:01  Probe  
  13  0:13  Probe  
  14  0:21  Pylon  
  14  0:25  Probe  
  15  0:37  Probe  
  15  0:40  Gateway  
  16  0:45  Probe  
  17  0:51  Assimilator  
  17  0:54  Probe  
  18  1:06  Probe  
  19  1:18  Probe  
  20  1:26  Nexus  
  20  1:33  Probe  
  21  1:41  Cybernetics Core  
  21  1:45  Probe  
  22  1:49  Pylon  
  22  1:54  Assimilator  
  22  1:57  Probe  
  23  2:09  Probe  
  23  2:10  Adept  
  24  2:19  Warp Gate  
  24  2:21  Probe  
  27  2:33  Probe  
  28  2:39  Probe  
  28  2:40  Stalker  
  31  2:45  Probe  
  32  2:51  Probe  
  32  2:52  Gateway  
  32  2:57  Probe  
  34  3:04  Probe  
  35  3:07  Robotics Facility  
  35  3:10  Probe  
  36  3:14  Sentry  
  36  3:16  Probe  
  38  3:22  Probe  
  39  3:28  Probe  
  39  3:34  Pylon, Probe  
  41  3:40  Probe  
  42  3:42  Pylon  
  42  3:44  Shield Battery  
  42  3:49  Probe  
  42  3:52  Probe  
  44  4:01  Probe  
  45  4:04  Probe  
  46  4:10  Stalker x2  
  46  4:13  Probe  
  51  4:22  Immortal  
  52  4:24  Probe  
  52  4:25  Probe  
  57  4:36  Probe  
  57  4:38  Probe  
  57  4:56  Pylon  
  57  4:58  Assimilator x2  
  57  5:00  Pylon  
  57  5:04  Pylon  
  57  5:08  Gateway  
  57  5:09  Gateway  
  57  5:10  Gateway  
  57  5:12  Forge, Gateway  
  57  5:15  Immortal  
  57  5:16  Twilight Council  
  57  5:20  Stalker x2  
  61  5:25  Protoss Ground Weapons Level 1  
  65  5:41  Charge  
  65  5:49  Zealot x2, Immortal  
  69  5:55  Nexus  
  73  5:58  Pylon  
  73  6:00  Pylon  
  65  6:21  Zealot x4  
  65  6:22  Zealot  
  65  6:23  Probe x2  
  76  6:28  Immortal  
  80  6:35  Probe x2  
  82  6:48  Gateway  
  82  6:50  Gateway  
  82  6:51  Gateway  
  82  6:53  Gateway  
  82  6:55  Gateway  
  82  6:56  Templar Archives  
  82  6:58  Forge  
  82  7:03  Probe x2  
  82  7:07  Observer  
  85  7:15  Probe x2  
  87  7:32  Stalker  
  89  7:40  Stalker  
  86  7:46  Protoss Ground Weapons Level 2  
  86  7:49  Stalker  
  86  7:54  Protoss Ground Armor Level 1  
  86  7:59  Observer  
  83  8:08  Probe x3  
  84  8:18  High Templar x4  
  92  8:20  Probe x3  
  95  8:32  Archon  
  95  8:33  Archon  
  95  8:36  Probe x3  
  95  8:39  Immortal  
  102  8:43  High Templar  
  102  8:44  Zealot x5  
  102  8:45  Zealot  
  102  8:48  Probe  
  117  8:52  Pylon  
  117  8:54  Pylon  
  117  8:55  Pylon  
  117  8:56  Pylon  
  117  8:59  Pylon  
  117  9:02  Pylon  
  117  9:04  Pylon  
  117  9:06  Pylon  
  117  9:09  Photon Cannon  
  117  9:10  Probe x2  
  117  9:11  Stalker, Photon Cannon  
  117  9:16  High Templar  
  117  9:17  High Templar  
  125  9:18  Zealot  
  125  9:19  Zealot x4  
  121  9:33  Archon  
  121  9:34  High Templar x2  
  121  9:36  Zealot x2  
  123  9:44  Archon  
  113  9:53  Zealot x2  
  113  9:54  Zealot x4  
  113  9:56  Protoss Ground Armor Level 2  
  123  10:01  Probe x3  
  123  10:04  Assimilator  
  123  10:05  Assimilator  
  126  10:10  Immortal  
  126  10:13  Probe x3  
  133  10:18  High Templar x2  
  137  10:32  Archon  
  137  10:35  Probe x3  
  140  10:47  Probe  
  140  10:49  Sentry x2  
  145  11:00  Photon Cannon  
  145  11:03  Photon Cannon  
  145  11:04  High Templar x2, Zealot  
  147  11:05  Zealot x5  
  147  11:08  Archon  
  161  11:21  Nexus, Warp Prism  
  161  11:22  Pylon  
  163  11:27  Pylon  
  163  11:30  Pylon  
  163  11:31  Pylon  
  163  11:34  Stargate  
  163  11:47  Zealot x5  
  163  11:48  Zealot x3  
  157  12:24  Zealot x6  
  157  12:25  Zealot x3  
  157  12:26  Zealot  
  157  12:29  Protoss Ground Armor Level 3, Protoss Ground Weapons Level 3  
  171  12:54  Zealot x5  
  171  12:55  Zealot x4  
  189  13:18  Oracle  
  192  13:20  Immortal  
  192  13:22  Probe x4  
  200  14:07  Assimilator  
  200  14:08  Assimilator  
  198  14:11  Pylon  
  198  14:12  Photon Cannon  
  198  14:13  Photon Cannon  
  198  14:15  Photon Cannon  
  198  14:17  Photon Cannon  
  198  14:19  Pylon  
  198  14:28  Photon Cannon  
  198  14:32  Photon Cannon  
  198  14:34  Photon Cannon  
  198  14:41  Photon Cannon  
  142  16:09  High Templar x5  
  142  16:11  High Templar  
  132  16:12  Zealot x5  
  132  16:14  Archon x2  
  132  16:15  Archon  
  126  16:47  High Templar x3  
  126  16:48  High Templar x3  
  126  16:49  High Templar x2  
  126  16:51  Zealot x3  
  126  16:53  Archon x4  
  143  17:21  Zealot  
  143  17:22  Zealot x6  
  155  17:23  Zealot x3  
  163  17:30  Oracle  
  166  17:51  Nexus  
  166  17:54  Pylon  
  166  17:55  Pylon  
  166  17:57  Pylon  
  162  18:02  High Templar x4  
  162  18:03  Zealot x4  
  162  18:04  Zealot x2  
  182  18:06  Archon  
  182  18:07  Archon  
Show
View Real Time Build Order
Export as new Build Order

RyuKey Zerg 

Build Orders: Hatch First 

Get SALT Encoding   

  12  0:01  Drone  
  13  0:14  Overlord  
  13  0:23  Drone  
  14  0:32  Drone x2  
  16  0:50  Hatchery  
  16  0:53  Drone  
  16  0:55  Drone  
  17  1:04  Drone  
  17  1:09  Extractor  
  17  1:15  Spawning Pool  
  17  1:18  Drone  
  17  1:25  Drone  
  18  1:30  Drone  
  19  1:41  Drone  
  20  1:59  Overlord  
  20  2:03  Queen x2  
  20  2:06  Drone x2  
  26  2:16  Metabolic Boost  
  26  2:22  Drone x2  
  28  2:38  Drone x3  
  28  2:39  Queen x2  
  35  2:50  Drone  
  36  2:52  Overlord x2  
  36  3:12  Drone x7  
  43  3:30  Roach Warren  
  43  3:31  Evolution Chamber  
  43  3:33  Drone  
  43  3:34  Drone x2  
  44  3:37  Zergling x4  
  46  3:55  Extractor  
  45  4:04  Roach Warren, Zerg Missile Weapons Level 1  
  45  4:08  Overlord x3  
  44  4:15  Hatchery  
  44  4:16  Drone x3  
  46  4:45  Zergling x20  
  56  4:54  Lair  
  56  4:55  Evolution Chamber  
  55  5:00  Extractor  
  55  5:02  Extractor  
  53  5:07  Drone x3  
  56  5:16  Queen  
  56  5:20  Drone x4  
  62  5:26  Overlord x2  
  62  5:27  Overlord  
  62  5:40  Zerg Ground Armor Level 1  
  62  5:52  Glial Reconstitution  
  62  5:58  Drone x2  
  62  5:59  Drone x8  
  71  6:11  Hatchery, Drone x3  
  67  6:16  Zerg Missile Weapons Level 2  
  67  6:22  Hydralisk Den  
  67  6:25  Zergling x6  
  69  6:32  Zergling x14  
  75  6:37  Baneling Nest  
  75  6:38  Drone x3  
  77  6:41  Drone x2  
  79  7:01  Zergling x22  
  90  7:09  Muscular Augments  
  90  7:19  Zergling x2  
  90  7:20  Zergling x10  
  79  7:45  Hydralisk x11  
  79  7:46  Hydralisk x3  
  93  8:13  Zergling x2  
  93  8:14  Zergling x14  
  93  8:19  Hatchery  
  100  8:22  Extractor x2  
  98  8:31  Zergling x10  
  103  8:34  Overlord x4  
  103  8:35  Overlord x2  
  103  8:36  Zerg Ground Armor Level 2  
  103  8:42  Evolution Chamber  
  103  8:43  Grooved Spines  
  103  8:46  Pneumatized Carapace  
  102  8:58  Hydralisk  
  102  8:59  Hydralisk x3  
  102  9:01  Zergling x2  
  102  9:02  Zergling x26  
  124  9:13  Drone x4  
  101  9:42  Zergling x16  
  101  9:43  Zergling x20  
  94  10:03  Hydralisk x3, Roach  
  94  10:04  Roach x3  
  107  10:26  Hydralisk x4, Roach  
  107  10:27  Hydralisk, Roach x5  
  129  10:38  Zerg Melee Weapons Level 1  
  129  10:39  Infestation Pit  
  129  10:40  Centrifical Hooks  
  128  10:45  Hydralisk x3  
  128  10:46  Hydralisk x3  
  140  10:54  Queen  
  140  10:56  Drone x11  
  153  10:57  Overlord  
  153  10:58  Overlord x3  
  153  11:13  Hydralisk  
  153  11:14  Hydralisk  
  153  11:17  Hive  
  153  11:18  Overlord x4  
  157  11:19  Overlord x2  
  157  11:30  Lurker Den  
  156  11:39  Overseer  
  156  11:43  Hydralisk  
  156  11:44  Hydralisk x7  
  118  12:09  Hydralisk  
  118  12:10  Hydralisk x4, Roach x2  
  118  12:11  Roach x2  
  118  12:12  Roach  
  130  12:34  Viper  
  106  12:52  Viper  
  93  12:59  Seismic Spines  
  93  13:01  Lurker  
  84  13:22  Lurker  
  85  13:38  Lurker  
  84  13:42  Zergling x30  
  84  13:43  Zergling x4  
  99  13:53  Roach  
  95  14:12  Hatchery  
  94  14:18  Adaptive Talons  
  94  14:22  Hatchery  
  94  14:23  Roach x3  
  94  14:24  Roach x6  
  111  14:59  Spire  
  110  15:02  Roach x7  
  124  15:27  Drone x13  
  137  15:43  Hydralisk x5  
  113  16:10  Hydralisk x3  
  113  16:11  Roach x2  
  64  16:40  Hydralisk x5  
  74  17:20  Hatchery  
Tags
 
Add a new tag
Caveats
  • Supply blocks, unpowered buildings, or Contaminate may cause inaccurate times.
  • Supply counts are checked every 10 seconds.